 Dungeon Crawl Stone Soup version 0.24.1-14-gf8d2b509d9 (console) character file.

Game seed: 17766756976081022921, levelgen mode: deterministic

2495 Kagalorn the Protected (level 9, -6/81 HPs)
             Began as a Minotaur Wanderer on Feb 27, 2021.
             Mangled by an ogre
             ... wielding a +0 giant spiked club
              (15 damage)
             ... on level 7 of the Dungeon.
             The game lasted 00:19:58 (7102 turns).

Kagalorn the Protected (Minotaur Wanderer)          Turns: 7102, Time: 00:19:58

Health: -6/81      AC: 19    Str: 19    XL:     9   Next: 28%
Magic:  8/8        EV:  4    Int: 10    God:
Gold:   185        SH:  9    Dex: 10    Spells: 8/8 levels left

rFire    . . .     SeeInvis .   a - +0 war axe
rCold    . . .     Gourm    .   E - +0 shield
rNeg     . . .     Faith    .   y - +0 plate armour
rPois    .         Spirit   .   (helmet restricted)
rElec    .         Reflect  .   p - scarf {repulsion}
rCorr    .         Harm     .   (no gloves)
MR       .....                  (no boots)
Stlth    ..........             x - amulet of rage
HPRegen  0.23/turn              D - +2 ring of protection
MPRegen  0.11/turn              j - +4 ring of protection

@: marked, starving, repel missiles
A: retaliatory headbutt, horns 2
a: Evoke Berserk Rage


You were on level 7 of the Dungeon.
You were starving.

You visited 1 branch of the dungeon, and saw 7 of its levels.
You also visited: Sewer.

You collected 311 gold pieces.
You spent 126 gold pieces at shops.

Inventory:

Hand Weapons
 a - a +0 war axe (weapon)
Missiles
 l - 100 arrows
 m - 166 stones (quivered)
 r - a throwing net
 t - 19 sling bullets
 A - 17 poisoned darts
Armour
 p - a scarf of repulsion (worn)
 y - a +0 plate armour (worn)
 E - a +0 shield (worn)
Jewellery
 g - an uncursed ring of resist corrosion
 j - a +4 ring of protection (right hand)
 x - an amulet of rage (around neck)
 B - an uncursed ring of protection from magic
 D - a +2 ring of protection (left hand)
Wands
 e - a wand of iceblast (7)
 C - a wand of flame (19)
Scrolls
 b - 5 scrolls of teleportation
 h - a scroll of immolation {unknown}
 i - a scroll of random uselessness {unknown}
 n - a scroll of enchant armour {unknown}
 o - a scroll of amnesia
 q - a scroll of fog
 u - a scroll of noise {unknown}
 v - a scroll of magic mapping {unknown}
Potions
 c - 2 potions of curing
 k - a potion of brilliance
 s - 2 potions of mutation
 w - 2 potions of heal wounds
 z - 2 potions of haste
 F - a potion of ambrosia
 G - a potion of invisibility
Comestibles
 f - 2 rations


   Skills:
 + Level 7.9 Fighting
 * Level 8.6 Axes
   Level 1.1 Crossbows
 + Level 8.7 Armour
 - Level 1.5 Stealth
 + Level 4.9 Shields
   Level 2.1 Fire Magic


You had 8 spell levels left.
You didn't know any spells.
Your spell library was empty.

Dungeon Overview and Level Annotations

Branches:
Dungeon (7/15)              Sewer (visited)
 Temple: D:4-7

Altars:
Cheibriados
Dithmenos
Yredelemnul

Shops:
D:5 [

Annotations:
D:4 2 transporters, KlarStein's ghost, novice DsFi


Innate Abilities, Weirdness & Mutations

You reflexively headbutt those who attack you in melee.
You have a pair of horns on your head.


Message History

You slash the ogre! You headbutt the ogre.
The ogre is almost dead.
You hit the centaur.
Your plate armour prevents you from hitting the adder.
The centaur hits you but does no damage.
The adder barely misses you. You furiously retaliate!
You headbutt the adder.
An iguana comes into view.
The ogre hits you with a +0 giant spiked club!
* * * LOW HITPOINT WARNING * * *
You block the gnoll's attack.
The centaur hits you but does no damage.
The adder bites you but does no damage.
You hit the ogre but do no damage.
The ogre is almost dead.
You closely miss the adder. You closely miss the centaur. The centaur hits you.
* * * LOW HITPOINT WARNING * * *
A wight comes into view. It is wielding a +5 dagger.
The gnoll barely misses you. You block the adder's attack.
The ogre hits you with a +0 giant spiked club!
You die...

.# ##.# ...## ........#
.. ....##. ........##.#
###....... ..........#
.......#.. ..........#
#...g.....
.........z#####O###..#.#
..........lz....@S555...
.................cg#.###
................[..#
...................#
........##.o....####
#...######.###### #...#
#.. #...# #... #...#
#....


You could see an ogre, a centaur, an iguana, 2 wights, an orc wizard, a gnoll, 2
crimson imps, an adder and a shadow imp.

Vanquished Creatures
  Grinder (D:6)
  Edmund (D:6)
  Purgy (Sewer)
  2 orc warriors
  An ice beast (D:5)
  4 centaurs
  Blork the orc (D:5)
  A scorpion (D:4)
  6 killer bees (D:6)
  4 wights
  4 howler monkeys
  A crimson imp (D:6)
  A centaur zombie (D:5)
  2 centaur skeletons
  4 orc wizards
  An iguana (D:5)
  2 worker ants
  A hound skeleton (D:7)
  18 gnolls
  13 adders
  A howler monkey skeleton (D:6)
  2 oozes
  An adder skeleton (D:6)
  3 dart slugs
  2 worms
  5 leopard geckos
  17 orcs
  17 bats
  4 giant cockroaches
  10 goblins
  15 hobgoblins
  6 jackals
  5 quokkas
  3 ball pythons
  4 frilled lizards
  A jackal skeleton (D:4)
  13 kobolds
  A quokka skeleton (D:5)
  11 rats
190 creatures vanquished.

Vanquished Creatures (others)
  A crimson imp (D:5)
1 creature vanquished.

Grand Total: 191 creatures vanquished

Notes
Turn   | Place    | Note
-------+----------+-------------------------------------------
     0 | D:1      | Kagalorn the Minotaur Wanderer began the quest for the Orb.
     0 | D:1      | Kagalorn set off with the following items: a +0 club, a
                  | scroll of teleportation, a potion of curing, a +2 scale
                  | mail, a +0 dagger, a ration
     0 | D:1      | Reached XP level 1. HP: 16/16 MP: 0/0
   109 | D:1      | Reached XP level 2. HP: 24/24 MP: 1/1
   373 | D:1      | Reached XP level 3. HP: 30/30 MP: 2/2
   960 | D:1      | Reached XP level 4. HP: 27/38 MP: 3/3
  1067 | D:2      | Reached skill level 5 in Armour
  1338 | D:2      | Found a shadowy altar of Dithmenos.
  1530 | D:2      | Reached XP level 5. HP: 19/46 MP: 4/4
  2877 | D:3      | Reached skill level 5 in Fighting
  2982 | D:3      | Reached skill level 1 in Axes
  2982 | D:3      | Reached XP level 6. HP: 56/56 MP: 5/5
  3337 | D:4      | Found a snail-covered altar of Cheibriados.
  3773 | D:4      | Found a transporter.
  3775 | D:4      | Found a transporter.
  3775 | D:4      | Noticed KlarStein's ghost (novice DsFi)
  4037 | D:5      | Entered Level 5 of the Dungeon
  4160 | D:5      | Found a basalt altar of Yredelemnul.
  4457 | D:5      | Reached XP level 7. HP: 45/62 MP: 6/6
  4467 | D:5      | Noticed Blork the orc
  4485 | D:5      | Killed Blork the orc
  4586 | D:5      | Found Jaboatocas's Antique Armour Emporium.
  4589 | D:5      | Bought a shield for 126 gold pieces
  4828 | D:6      | Reached skill level 1 in Shields
  4873 | D:6      | Found a glowing drain.
  4901 | Sewer    | Entered a sewer
  5103 | Sewer    | Noticed Purgy
  5110 | Sewer    | Killed Purgy
  5110 | Sewer    | Reached skill level 5 in Axes
  5414 | D:5      | Reached XP level 8. HP: 63/71 MP: 7/7
  5835 | D:6      | Noticed Edmund
  5840 | D:6      | Noticed Grinder
  5851 | D:6      | Killed Edmund
  5859 | D:6      | Paralysed by Grinder for 3 turns
  5865 | D:6      | Killed Grinder
  6231 | D:7      | Reached XP level 9. HP: 74/79 MP: 8/8
  7102 | D:7      | Mangled by an ogre

Levels and vault maps discovered:
D:1:      dpeg_arrival_orchard, layout_basic
D:2:      layout_loops_corners, lemuel_crystal_altar
D:3:      layout_basic, first_ration, kennysheep_cluttered_room
D:4:      layout_loops_cross, gammafunk_ghost_smash, kennysheep_slug_shrine
D:5:      layout_basic, serial_shops, kennysheep_mini, basic_altar,
          grunt_decor_cap, uniq_blork_the_orc
D:6:      layout_basic, cheibrodos_sewer_entry_drain, uniq_edmund, uniq_grinder
D:7:      layout_basic, minmay_temple_entry_overgrown, basic_altar,
          grunt_ogre_cave, nicolae_dithmenos_the_darkroom

Skill      XL: |  1  2  3  4  5  6  7  8  9 |
---------------+----------------------------+-----
Fighting       | 2 3 4 5 6 7 |  7.9
Armour         | 4 5 6 7 8 |  8.7
Axes           | 1 3 5 7 8 |  8.6
Shields        | 2 4 |  4.9
Crossbows      | |  1.1
Stealth        | |  1.5
Fire Magic     | |  2.1

Action                   |  1- 3 |  4- 6 |  7- 9 || total
-------------------------+-------+-------+-------++-------
Melee: Unarmed           |   128 |   279 |       ||   407
       Headbutt          |    21 |    57 |    43 ||   121
       War axe           |       |   114 |   265 ||   379
 Abil: Evoke Berserk Rag |       |       |     3 ||     3
  Use: Scroll            |       |     5 |     5 ||    10
  Eat: Chunk             |       |     7 |     1 ||     8
       Ration            |       |     1 |     3 ||     4
Armor: Scale mail        |    59 |   270 |   161 ||   490
       Plate armour      |       |       |    98 ||    98
Dodge: Dodged            |    76 |   253 |    98 ||   427
       Deflected         |       |     9 |     7 ||    16
Block: Shield            |       |       |   183 ||   183
